 Dungeon Crawl Stone Soup version 0.25-a0-566-g062765be81 (webtiles) character file.

Game seed: 15470758288761325470, levelgen mode: deterministic

5082 MisterFreud the Spear-Bearer (level 10, -9/82 HPs)
             Began as a Merfolk Ice Elementalist on Feb 28, 2020.
             Was an Elder of Nemelex Xobeh.
             Mangled by a shadow (34 damage)
             ... on level 10 of the Dungeon.
             The game lasted 00:30:55 (12215 turns).

MisterFreud the Spear-Bearer (MfIE)                Turns: 12215, Time: 00:30:56

Health: -9/82      AC:  5    Str:  9    XL:     10   Next: 57%
Magic:  16/16      EV: 18    Int: 15    God:    Nemelex Xobeh [****..]
Gold:   455        SH:  5    Dex: 17    Spells: 10/17 levels left

rFire    + . .     SeeInvis .   f - +0 trident
rCold    + . .     Gourm    +   M - +0 buckler
rNeg     . . .     Faith    .   a - +0 robe
rPois    +         Spirit   .   (no helmet)
rElec    .         Reflect  .   I - scarf {rC+ rF+}
rCorr    .         Harm     .   k - +0 pair of gloves
MR       .....                  S - +1 pair of boots
Stlth    ++........             y - amulet of the gourmand
HPRegen  0.23/turn              C - ring of poison resistance
MPRegen  0.15/turn              (no ring)

@: no status effects
A: change form in water, swift swim, stealthy swim
a: Draw Escape, Draw Destruction, Draw Summoning, Triple Draw, Deal Four,
Renounce Religion


You were on level 10 of the Dungeon.
You worshipped Nemelex Xobeh.
Nemelex Xobeh was greatly pleased with you.
You were very full.

You visited 1 branch of the dungeon, and saw 10 of its levels.
You also visited: Sewer.

You collected 455 gold pieces.

Inventory:

Hand Weapons
 d - a +0 mace
 f - a +0 trident (weapon)
 h - a +2 vorpal mace
 i - a +1 dagger of venom
Missiles
 e - 95 poisoned darts (quivered)
 j - 51 sling bullets
 m - 79 bolts
 n - 175 arrows
 o - 402 stones
 q - 3 atropa-tipped darts
 r - 6 curare-tipped darts
 D - 8 boomerangs
 Q - a throwing net
 V - 4 datura-tipped darts
Armour
 a - a +0 robe (worn)
 k - a +0 pair of gloves (worn)
 u - a +0 pair of boots
 I - a scarf of resistance (worn)
 M - a +0 buckler (worn)
 S - a +1 pair of boots (worn)
 T - a +1 cloak
Jewellery
 y - an amulet of the gourmand (around neck)
 C - a ring of poison resistance (left hand)
Wands
 s - a wand of random effects (22)
 N - a wand of enslavement (11)
 O - a wand of iceblast (24)
 P - a wand of clouds (3)
 U - a wand of acid (12)
Scrolls
 v - 5 scrolls of identify
 F - 2 scrolls of noise
 G - a scroll of enchant armour
 J - 3 scrolls of magic mapping
 K - a scroll of blinking {unknown}
 L - a scroll of enchant weapon {unknown}
 R - a scroll of amnesia {unknown}
 W - 2 scrolls of remove curse
 X - a scroll of holy word {unknown}
 Z - a scroll of teleportation
Potions
 b - 2 potions of haste
 g - 6 potions of curing
 l - a potion of mutation
 p - 2 potions of lignification
 t - 2 potions of cancellation
 w - 2 potions of stabbing
 x - a potion of might
 z - 2 potions of invisibility
 A - 2 potions of resistance
 B - 3 potions of flight
 E - a potion of berserk rage
 H - 4 potions of heal wounds
 Y - a potion of magic {unknown}
Comestibles
 c - 14 rations


   Skills:
 + Level 8.5 Fighting
 + Level 12.3 Polearms
 - Level 8.5 Dodging
 - Level 2.1 Stealth
 - Level 4.0 Shields
 - Level 4.0 Spellcasting
 - Level 6.8 Ice Magic


You had 10 spell levels left.
You knew the following spells:

 Your Spells              Type           Power        Failure   Level  Hunger
a - Freeze                Ice            ###.         1%          1    None
b - Frozen Ramparts       Ice            ###...       3%          3    ###....
c - Ozocubu's Armour      Chrm/Ice       ##......     13%         3    ###....

Your spell library contained the following spells:

 Spells                   Type           Power        Failure   Level  Hunger
 Animate Skeleton         Necr           N/A          19%         1    None
 Beastly Appendage        Tmut           #.....       19%         1    None
 Pain                     Necr           #...         19%         1    None
 Sting                    Tmut/Pois      #...         19%         1    None
 Poisonous Vapours        Pois/Air       #.....       26%         2    ##.....
 Sticks to Snakes         Tmut           #.......     26%         2    ##.....
 Hailstorm                Conj/Ice       ##......     41%         4    ####...
 Ice Form                 Ice/Tmut       ##......     41%         4    ####...
 Summon Ice Beast         Ice/Summ       ##......     41%         4    ####...
 Ignite Poison            Fire/Tmut/Pois #.......     47%         3    ###....
 Mephitic Cloud           Conj/Pois/Air  #.......     47%         3    ###....
 Spider Form              Tmut/Pois      #.........   47%         3    ###....
 Vampiric Draining        Necr           #.........   47%         3    ###....
 Animate Dead             Necr           N/A          87%         4    ####...
 Olgreb's Toxic Radiance  Pois           #.......     87%         4    ####...
 Agony                    Necr           #.......     99%         5    ######.
 Blade Hands              Tmut           #.........   99%         5    ######.


Dungeon Overview and Level Annotations

Branches:
Dungeon (10/15)            Temple (0/1) D:7            Lair (0/6) D:9
    Orc (0/2) D:9           Sewer (visited)

Altars:
Cheibriados
Dithmenos
Fedhas
Gozag
Kikubaaqudgha
Nemelex Xobeh
Okawaru
Ru
Trog
Xom

Shops:
D:7 (

Annotations:
D:3 Grinder
D:10 3 runed translucent doors


Message History

The shadow is lightly damaged.
You hit the shadow.
The shadow is lightly damaged.
The shadow slips into darkness.
The shadow flickers and vanishes!
Deactivating autopickup; reactivate with Ctrl-A.
You puncture something!
The shadow strikes at you from the darkness!
Reactivating autopickup.
You closely miss the shadow.
The shadow is heavily damaged.
You closely miss the shadow.
The shadow is heavily damaged.
The shadow slips into darkness.
The shadow flickers and vanishes!
Deactivating autopickup; reactivate with Ctrl-A.
You completely miss something.
The shadow strikes at you from the darkness!
You die...
Your body glows with a rainbow of weird colours and disappears.

#........##....##.###.##.......
#......#.!#.......###.###......
#..###.##5##.#...####+###......
#.. .. #..#...#.###.Dc###.###.
.. ... ##.##..#####.{y# #..###
###. #..#...####.lY####..÷)
##.##.###.+csD+.##.### #..#{#
.#######.#....
##.#@#+#########'.###
#####..†.......)........
................##'#...##
................#..'.#.#
................+.##...#
###'####+####...######## #..
#.#.# ## #...#########
##...........


There were no monsters in sight!

Vanquished Creatures
  2 hippogriffs
  4 yaks (D:10)
  A wyvern (D:10)
  Duvessa (D:4)
  An ice beast (D:5)
  3 orc warriors
  A black bear (D:4)
  A swamp drake (D:9)
  A necrophage (D:9)
  3 ogres
  A phantom (D:5)
  3 centaurs
  4 bullfrogs
  3 big kobolds
  A gnoll sergeant (D:6)
  A wyvern zombie (D:9)
  A scorpion (D:10)
  8 killer bees
  An electric eel (D:5)
  2 bullfrog zombies
  A centaur zombie (D:7)
  A quasit (D:8)
  Crazy Yiuf (D:7)
  3 crimson imps
  A gnoll shaman (D:6)
  3 hounds
  2 jellies (D:9)
  3 orc priests
  A bullfrog skeleton (D:9)
  3 iguanas
  Ijyb (D:3)
  Natasha (twice) (D:2)
  7 orc wizards
  4 worker ants
  A hound zombie (D:10)
  A howler monkey zombie (D:6)
  7 gnolls (D:6)
  6 adders
  3 river rats
  A white imp (D:10)
  A worker ant simulacrum (D:10)
  An ooze (D:6)
  3 worms
  3 adder skeletons
  2 dart slugs
  3 leopard geckos
  25 orcs
  5 giant cockroaches
  6 goblins
  8 hobgoblins
  4 jackals
  18 kobolds
  6 quokkas
  4 ball pythons
  9 bats
  5 frilled lizards
  A giant cockroach zombie (D:4)
  A leopard gecko zombie (D:5)
  2 quokka skeletons
  8 rats
210 creatures vanquished.

Vanquished Creatures (collateral kills)
  5 killer bees (D:9)
  A leopard gecko (D:9)
6 creatures vanquished.

Vanquished Creatures (others)
  An ice beast (D:9)
  Dowan (D:5)
2 creatures vanquished.

Grand Total: 218 creatures vanquished

Notes
Turn   | Place    | Note
-------+----------+-------------------------------------------
     0 | D:1      | MisterFreud the Merfolk Ice Elementalist began the quest
                  | for the Orb.
     0 | D:1      | Reached XP level 1. HP: 13/13 MP: 3/3
   382 | D:1      | Reached XP level 2. HP: 17/19 MP: 3/5
   460 | D:1      | Reached skill level 5 in Ice Magic
  1115 | D:2      | Reached XP level 3. HP: 24/24 MP: 4/6
  1726 | D:3      | Noticed an ogre
  1738 | D:3      | Killed an ogre
  1738 | D:3      | Reached XP level 4. HP: 14/30 MP: 0/7
  1738 | D:3      | Reached XP level 5. HP: 16/35 MP: 0/8
  2069 | D:3      | Noticed Natasha
  2087 | D:2      | Killed Natasha
  2493 | D:2      | Noticed Natasha
  2499 | D:2      | Killed Natasha
  2520 | D:3      | Noticed Ijyb
  2527 | D:3      | Killed Ijyb
  2546 | D:3      | Reached XP level 6. HP: 18/41 MP: 1/11
  2961 | D:3      | Noticed Grinder
  2962 | D:3      | Paralysed by Grinder for 5 turns
  3252 | D:4      | Found a bloodstained altar of Trog.
  3386 | D:4      | Found a bloodstained altar of Trog.
  3387 | D:4      | Found a blossoming altar of Fedhas.
  3389 | D:4      | Found a snail-covered altar of Cheibriados.
  3391 | D:4      | Found a sparkling altar of Nemelex Xobeh.
  3391 | D:4      | Found a shimmering altar of Xom.
  3392 | D:4      | Found an opulent altar of Gozag.
  3411 | D:4      | Became a worshipper of Nemelex Xobeh the Trickster
  3423 | D:4      | Received a gift from Nemelex Xobeh
  3462 | D:4      | Found a glowing drain.
  3475 | Sewer    | Entered a sewer
  3741 | Sewer    | Reached skill level 5 in Dodging
  3741 | Sewer    | Reached XP level 7. HP: 39/46 MP: 7/13
  3882 | Sewer    | Found a white marble altar of Elyvilon.
  4217 | D:4      | Learned a level 3 spell: Frozen Ramparts
  4221 | D:4      | Learned a level 3 spell: Ozocubu's Armour
  5002 | D:4      | Reached * piety under Nemelex Xobeh
  5540 | D:5      | Entered Level 5 of the Dungeon
  5547 | D:5      | Reached XP level 8. HP: 12/52 MP: 14/14
  5788 | D:5      | Received a gift from Nemelex Xobeh
  5795 | D:5      | Noticed Duvessa
  5803 | D:5      | Noticed Dowan
  5814 | D:5      | Killed Dowan
  5814 | D:5      | Reached skill level 2 in Polearms
  5835 | D:4      | HP: 2/52 [Duvessa/+0 short sword (5)]
  5849 | D:4      | Killed Duvessa
  5849 | D:4      | Reached skill level 4 in Polearms
  6045 | D:5      | Reached skill level 5 in Polearms
  6087 | D:5      | Reached skill level 6 in Polearms
  6438 | D:5      | Received a gift from Nemelex Xobeh
  6627 | D:5      | Found an ancient bone altar of Kikubaaqudgha.
  6697 | D:5      | Reached ** piety under Nemelex Xobeh
  6710 | D:5      | Noticed Blork the orc
  6713 | D:5      | Noticed Blork
  6713 | D:5      | Blork the orc changed into Blork the killer bee
  6719 | D:5      | Killed Blork the killer bee
  6719 | D:5      | Reached skill level 7 in Polearms
  7003 | D:6      | You fall into a shaft and drop 1 floor!
  7021 | D:7      | Found an iron altar of Okawaru.
  7064 | D:7      | Reached skill level 8 in Polearms
  7081 | D:7      | Got a scorched leather armour
  7092 | D:7      | Identified the cursed +0 leather armour of Baldness {rF+
                  | rN+ Int-2} (You found it on level 7 of the Dungeon)
  7169 | D:7      | Reached skill level 9 in Polearms
  7253 | D:6      | Reached XP level 9. HP: 47/57 MP: 5/15
  7288 | D:6      | Reached skill level 10 in Polearms
  7535 | D:6      | Reached skill level 1 in Fighting
  7608 | D:6      | You fall into a shaft and drop 3 floors!
  7608 | D:9      | Found a staircase to the Orcish Mines.
  7620 | D:9      | Received a gift from Nemelex Xobeh
  7725 | D:9      | Reached skill level 1 in Shields
  8350 | D:7      | Found a staircase to the Ecumenical Temple.
  8760 | D:6      | Found a sacrificial altar of Ru.
  9084 | D:7      | Found Rozoqun's Weapon Emporium.
  9248 | D:7      | Found a runed translucent door.
  9249 | D:7      | Noticed Crazy Yiuf
  9265 | D:7      | Killed Crazy Yiuf
  9354 | D:8      | Reached *** piety under Nemelex Xobeh
 10074 | D:9      | Reached skill level 5 in Fighting
 10621 | D:9      | Found a staircase to the Lair.
 10694 | D:8      | Reached XP level 10. HP: 71/77 MP: 16/16
 10745 | D:9      | Found a shadowy altar of Dithmenos.
 10758 | D:9      | Received a gift from Nemelex Xobeh
 10988 | D:9      | Reached skill level 11 in Polearms
 11379 | D:9      | Received a gift from Nemelex Xobeh
 11802 | D:10     | Entered Level 10 of the Dungeon
 11901 | D:10     | Reached **** piety under Nemelex Xobeh
 11957 | D:10     | Found a runed translucent door.
 11957 | D:10     | Noticed a wolf spider
 11958 | D:10     | Found a runed translucent door.
 11959 | D:10     | Noticed a storm dragon
 11959 | D:10     | Found a runed translucent door.
 12034 | D:10     | Noticed Snorg
 12103 | D:10     | Noticed Snorg
 12103 | D:10     | Snorg changed into Snorg the hippogriff
 12111 | D:10     | Killed Snorg the hippogriff
 12111 | D:10     | Reached skill level 12 in Polearms
 12163 | D:10     | Found a blossoming altar of Fedhas.
 12215 | D:10     | Mangled by a shadow

Levels and vault maps discovered:
D:1:      roderic_dead_forest, layout_loops_ring, chequers_serial_rivers_small_b
D:2:      layout_basic, first_ration, nicolae_underground_beach
D:3:      layout_loops_ring, uniq_ijyb, uniq_grinder, uniq_natasha
D:4:      black_bear_nest_1, layout_basic, grunt_temple_overflow_open,
          portal_sewer_entry_e, chequers_avenue, hangedman_decor_push,
          minmay_misc_feat_more_columns, chequers_jeans, bloody_trog
D:5:      minmay_opposing_rooms, layout_cave_pools, marbit_many_paths,
          serial_park_tiny_pond, minivault_14, minmay_fountain_box,
          chequers_serial_rivers_micro_b, uniq_blork_the_orc, uniq_duvessa
D:6:      layout_loops_ring, nicolae_ru_path_of_blood
D:7:      layout_basic, minmay_temple_entry_antechambers, serial_shops,
          kennysheep_mini_moat, okawaru_metal_pillars_1_2,
          uniq_crazy_yiuf_cottage
D:8:      layout_gridville
D:9:      layout_layer_cave, lemuel_crystal_altar, lair_entry_dummy,
          david_orc_2, eino_small_chamber_without_monster
D:10:     minmay_the_grid_triangle_9x9_rhombus_thin
          [minmay_the_grid_triangle_9x9_shrine,
          minmay_the_grid_triangle_9x9_prize_special,
          minmay_the_grid_triangle_9x9_fully_insulated_deathbox,
          minmay_the_grid_triangle_9x9_swiss_cheese], layout_stronghold,
          uniq_snorg

Skill      XL: |  1  2  3  4  5  6  7  8  9 10 |
---------------+-------------------------------+-----
Ice Magic      | 5 6 |  6.8
Spellcasting   | 3 4 |  4.0
Dodging        | 5 8 |  8.5
Polearms       | 9 10 12 | 12.3
Fighting       | 6 8 |  8.5
Shields        | 4 |  4.0
Stealth        | |  2.1

Action                   |  1- 3 |  4- 6 |  7- 9 | 10-12 || total
-------------------------+-------+-------+-------+-------++-------
Melee: Mace              |    31 |    63 |   126 |       ||   220
       Trident           |       |       |   262 |   162 ||   424
 Cast: Freeze            |    34 |    50 |    79 |     2 ||   165
       Frozen Ramparts   |       |       |     3 |     6 ||     9
       Ozocubu's Armour  |       |       |     1 |     3 ||     4
 Abil: Draw Destruction  |       |     1 |    19 |     4 ||    24
       Draw Escape       |       |       |     3 |       ||     3
       Draw Summoning    |       |       |     2 |       ||     2
Evoke: Wand              |       |       |     5 |       ||     5
  Use: Scroll            |       |       |    18 |       ||    18
       Potion            |       |       |     4 |       ||     4
 Stab: Sleeping          |     5 |     4 |     9 |     3 ||    21
       Distracted        |       |     1 |     2 |       ||     3
       Confused          |       |       |     2 |       ||     2
  Eat: Chunk             |     3 |     7 |    26 |     5 ||    41
       Ration            |       |       |     1 |       ||     1
Armor: Robe              |    21 |    32 |    92 |    12 ||   157
Dodge: Dodged            |    51 |    79 |   403 |    70 ||   603
Block: Buckler           |       |       |    28 |    23 ||    51

Table legend:
 A = Non-vault XP
 B = Vault XP
 C = Vault XP percentage of total XP
 D = Non-vault monster count
 E = Vault monster count
 F = Vault count percentage of total count
                 A         B        C        D         E       F
            +---------+---------+-------+---------+---------+-------
      Total |    5483 |    1777 |  24.5 |     176 |      42 |  19.3
            +---------+---------+-------+---------+---------+-------
        D:1 |      24 |       0 |   0.0 |      15 |       0 |   0.0
        D:2 |      72 |      37 |  33.9 |      18 |       1 |   5.3
        D:3 |     253 |      38 |  13.1 |      27 |       1 |   3.6
        D:4 |     365 |     313 |  46.2 |      20 |      10 |  33.3
        D:5 |     277 |     402 |  59.2 |       6 |      11 |  64.7
        D:6 |     519 |       0 |   0.0 |      19 |       0 |   0.0
        D:7 |     711 |      44 |   5.8 |      17 |       1 |   5.6
        D:8 |     281 |       0 |   0.0 |       6 |       0 |   0.0
        D:9 |    1549 |     265 |  14.6 |      28 |       5 |  15.2
       D:10 |    1432 |     554 |  27.9 |      20 |       4 |  16.7
      Sewer |       0 |     124 | 100.0 |       0 |       9 | 100.0
            +---------+---------+-------+---------+---------+-------
